 Dungeon Crawl Stone Soup version 0.17.2-1-ge4368a0 (webtiles) character file.

137 ololoev the Skirmisher (level 5, 26/41 HPs)
             Began as a Demonspawn Fighter on Oct 25, 2016.
             Quit the game in an ossuary.
             The game lasted 00:06:41 (970 turns).

ololoev the Skirmisher (Demonspawn Fighter)          Turns: 970, Time: 00:06:41

Health: 26/41      AC: 12    Str: 17    XL:     5   Next: 0%
Magic:  5/5        EV:  4    Int:  9    God:
Gold:   66         SH:  8    Dex: 13    Spells: 0 memorised, 4 levels left

rFire  . . .     SeeInvis .     a - +0 war axe
rCold  . . .     Clarity  .     m - +0 chain mail
rNeg   . . .     SustAt   .     c - +0 shield
rPois  .         Gourm    .     (helmet restricted)
rElec  .         Spirit   .     (no cloak)
rCorr  .         Warding  .     (no gloves)
rMut   .         Stasis   .     g - +0 pair of boots
MR     .....                    (no amulet)
Stlth  ..........               (no ring)
                                (no ring)

@: not resistant to hostile enchantments, extremely unstealthy
A: horns 1, thin metallic scales 1, rot immunity
a: no special abilities


Innate Abilities, Weirdness & Mutations

You have a pair of small horns on your head.
You are partially covered in thin metallic scales (AC +2).
You are immune to rotting.

Inventory:

Hand Weapons
 a - a +0 war axe (weapon)
Armour
 c - a +0 shield (worn)
 g - a +0 pair of boots (worn)
 m - a +0 chain mail (worn)
Scrolls
 b - a scroll of blinking {unknown}
 f - 6 scrolls of identify {unknown}
 j - 2 scrolls of remove curse {unknown}
 k - 3 scrolls of magic mapping {unknown}
 l - a scroll of random uselessness {unknown}
 n - 2 scrolls of teleportation {unknown}
 o - a scroll of fog {unknown}
Potions
 d - 3 potions of might
 i - 2 potions of haste {unknown}
 p - a potion of flight {unknown}
Comestibles
 e - a bread ration
 h - a slice of pizza


   Skills:
 + Level 3.6 Fighting
 * Level 3.6 Axes
 + Level 3.4 Armour
 - Level 2.6 Shields


You had 4 spell levels left.
You didn't know any spells.
You were in an ossuary. You were hungry. You visited 1 branch of the dungeon, and saw 5 of its levels. You also visited: Ossuary. You collected 66 gold pieces. ################### ......∩..∩........# ..................# ....########......# .####.'....####...# ##.#..#.......##..# '..####.#####.∩#@.# ##......#...'.##ZZ# .####...#..####ZZ.# .. ######## ..Z.# ... .....# .... ......# ....# #......# .#### ####...#

Notes
Turn   | Place    | Note
--------------------------------------------------------------
     0 | D:1      | ololoev the Demonspawn Fighter began the quest for the Orb.
     0 | D:1      | Reached XP level 1. HP: 18/18 MP: 1/1
   139 | D:1      | Gained mutation: You have a pair of small horns on your head. [demonic ancestry]
   139 | D:1      | Reached XP level 2. HP: 24/24 MP: 2/2
   384 | D:3      | Gained mutation: You are partially covered in thin metallic scales (AC +2). [demonic ancestry]
   384 | D:3      | Reached XP level 3. HP: 27/29 MP: 3/3
   433 | D:3      | Found a blossoming altar of Fedhas.
   510 | D:5      | Entered Level 5 of the Dungeon
   840 | D:4      | Found a sand-covered staircase.
   845 | Ossuary  | Entered an ossuary
   863 | Ossuary  | Reached XP level 4. HP: 26/35 MP: 4/4
   969 | Ossuary  | Gained mutation: You are immune to rotting. [demonic ancestry]
   969 | Ossuary  | Reached XP level 5. HP: 25/41 MP: 5/5
   970 | Ossuary  | Quit the game

Dungeon Overview and Level Annotations

Branches:
Dungeon (5/15)
 Temple: D:4-7

Altars:
Fedhas


Message History

The mummy hits you.
You barely miss the mummy.
The mummy is severely damaged.
The mummy hits you!
You are too injured to fight recklessly!
You are too injured to fight recklessly!
You are too injured to fight recklessly!
You are too injured to fight recklessly!
You are too injured to fight recklessly!
You are too injured to fight recklessly!
You hit the mummy.
You headbutt the mummy, but do no damage.
The mummy is almost destroyed.
The mummy barely misses you.
You hit the mummy.
You destroy the mummy!
n - a scroll labeled GOM YJ YFFEIR You are feeling hungry.
j - 2 scrolls labeled WAEGUFF COVUV (gained 1)
n - 2 scrolls labeled GOM YJ YFFEIR (gained 1)
k - 3 scrolls labeled KOIPPESEG (gained 1)
There is an open door, spattered with blood here.
There is an open door here.
An adder zombie comes into view. 4 zombies come into view.
A kobold zombie comes into view.
The adder zombie bites you but does no damage.
You closely miss the adder zombie. Your headbutt misses the adder zombie.
The adder zombie bites you but does no damage. x2
The kobold zombie hits you but does no damage.
You closely miss the adder zombie. You hit the kobold zombie.
The adder zombie bites you. You block the kobold zombie's attack.
Your shield prevents you from hitting the adder zombie.
Your headbutt misses the adder zombie. You slash the kobold zombie!
You destroy the kobold zombie!
You have reached level 5!
Your demonic ancestry asserts itself...
You feel immune to rotting. You block the adder zombie's attack. x2
Are you sure you want to abandon this character and quit the game? (Confirm with "yes".)

You could see an adder zombie, a rat zombie, a jackal zombie, a goblin zombie and a kobold zombie.

Vanquished Creatures
  A human zombie (Ossuary)
  A big kobold zombie (Ossuary)
  A mummy (Ossuary)
  3 adders
  An ooze (D:4)
  An adder zombie (Ossuary)
  4 orcs (D:4)
  3 bats (D:1)
  2 giant cockroaches
  3 goblins
  3 hobgoblins
  7 jackals
  2 giant newts
  A hobgoblin zombie (Ossuary)
  A kobold (D:1)
  2 kobold zombies (Ossuary)
  An orc zombie (Ossuary)
  2 quokka zombies (Ossuary)
  3 rats
  4 rat zombies (Ossuary)
  A fungus (D:3)
47 creatures vanquished.

Action                   |  1- 3 |  4- 6 || total
-------------------------+-------+-------++-------
Melee: War axe           |   101 |    41 ||   142

Vault maps used:
D:1:      lightli_arrival_farm
D:2:      led_sif_pool, first_bread, uniq_natasha, uniq_jessica, uniq_robin
D:3:      fedhas_altar_3, zin_academy
D:4:      enter_ossuary_2, serial_bayou_crossing
D:5:      gammafunk_temple_overflow_claw, minmay_temple_entry_hall,
          serial_bayou_pond_d, uniq_sigmund
Ossuary:  minmay_ossuary_two_tombs
